 Dungeon Crawl Stone Soup version 0.31-a0-237-g2d982f9f85 (webtiles) character file.

Game seed: 8003377622615277144

25 qw the Shooter (level 2, -1/24 HPs)
             Began as a Minotaur Hexslinger on July 11, 2023.
             Slain by a gnoll
             ... wielding a +0 halberd
              (5 damage)
             ... on level 2 of the Dungeon.
             The game lasted 00:00:16 (578 turns).

qw the Shooter (Minotaur Hexslinger)                 Turns: 578, Time: 00:00:16

Health: -1/24      AC:  3    Str: 18    XL:     2   Next: 86%
Magic:  2/2        EV: 12    Int: 10    God:
Gold:   41         SH:  0    Dex: 12    Spells: 2/3 levels left

rFire   . . .        Y - +1 sling
rCold   . . .        (no shield)
rNeg    . . .        e - +0 leather armour
rPois   .            (helmet restricted)
rElec   .            (no cloak)
rCorr   .            (no gloves)
SInv    .            (no boots)
Will    .....        (no amulet)
Stlth   +            j - +6 ring of strength
HPRegen 0.24/turn    (no ring)
MPRegen 0.08/turn

%: no passive effects
@: no status effects
A: horns 2, retaliatory headbutt
a: no special abilities


You were on level 2 of the Dungeon.
You visited 1 branch of the dungeon, and saw 2 of its levels.

You collected 41 gold pieces.


Innate Abilities, Weirdness & Mutations

You have a pair of horns on your head.
You reflexively headbutt those who attack you in melee.


   Skills:
 - Level 2.0 Fighting
 + Level 3.4 Ranged Weapons
 - Level 2.1 Dodging
 - Level 1.0 Spellcasting
 - Level 2.0 Hexes


You had 2 spell levels left.
You knew the following spells:

 Your Spells              Type           Power      Damage    Failure   Level
a - Slow                  Hex            16%        N/A       19%         1

Your spell library contained the following spells:

 Spells                   Type           Power      Damage    Failure   Level
 Inner Flame              Hex/Fire       2%         N/A       63%         3
 Portal Projectile        Hex/Tloc       4%         N/A       63%         3
 Cause Fear               Hex            2%         N/A       87%         4

Inventory:

Hand Weapons
 Y - a +1 sling (weapon)
Armour
 e - a +0 leather armour (worn)
Jewellery
 j - a +6 ring of strength (left hand)
Scrolls
 a - a scroll of identify
 f - a scroll of teleportation
Potions
 i - a potion of curing {unknown}

Dungeon Overview and Level Annotations

Branches:
Dungeon (2/15)

Altars:


Message History

The gnoll shouts!
The gnoll moves out of view.
A gnoll is nearby!
You shoot a sling bullet. The sling bullet hits the gnoll.
The gnoll is lightly wounded.
A gnoll comes into view.
It is wielding a +0 halberd of freezing.
A gnoll comes into view. It is wielding a +0 club.
You shoot a sling bullet.
The sling bullet barely misses the gnoll.
The gnoll shouts! x2
You hear a shout!
A gnoll comes into view. It is wielding a +0 halberd.
573 ||| Stepping ~*~*~tactically~*~*~ (outnumbered).
A ball python comes into view.
The ball python hisses angrily.
You see here 4 stones.
You shoot a sling bullet.
The sling bullet barely misses the ball python.
A gnoll comes into view. It is wielding a +0 halberd.
You shoot a sling bullet.
The sling bullet closely misses the ball python.
You shoot a sling bullet.
The sling bullet barely misses the ball python.
The sling bullet hits the gnoll but does no damage.
You hear a shout!
The ball python closely misses you. The ball python grabs you.
The ball python constricts you.
You shoot a sling bullet. The sling bullet hits the ball python.
You kill the ball python!
The gnoll closely misses you.
You shoot a sling bullet.
The sling bullet barely misses the gnoll.
The sling bullet hits the gnoll.
The gnoll is heavily wounded.
The gnoll barely misses you. The gnoll hits you with a +0 club.
The gnoll hits you from afar with a +0 halberd of freezing!
Ouch! That really hurt!
The gnoll freezes you.
The gnoll hits you from afar with a +0 halberd.
You die...

#.. #.. # #.#
.## #.# #..# #.#
..#?#
##<####.....
#.%...g..#
........#.gg#.#
..#####.#@#.$..#
#.#.# .#...
#.#.g g##.
#.#### g# ..# .#
..#


g You could see 4 gnolls.

Vanquished Creatures
  An adder (D:2)
  3 ball pythons
  3 bats (D:1)
  An endoplasm (D:1)
  A giant cockroach (D:1)
  A goblin (D:1)
  3 hobgoblins (D:1)
  A kobold (D:1)
14 creatures vanquished.

Notes
Turn   | Place    | Note
-------+----------+-------------------------------------------
     0 | D:1      | qw the Minotaur Hexslinger began the quest for the Orb.
     0 | D:1      | Reached XP level 1. HP: 16/16 MP: 1/1
     0 | D:1      | 0 ||| qw: Version: 0.3-a-52-g30416fa
     0 | D:1      | 0 ||| qw: Game counter: 5867
     0 | D:1      | 0 ||| qw: Melee chars always use a shield: true
     0 | D:1      | 0 ||| qw: God list: Okawaru
     0 | D:1      | 0 ||| qw: Allow faded altars: false
     0 | D:1      | 0 ||| qw: Do Orc after clearing Dungeon:15 true
     0 | D:1      | 0 ||| qw: Do second Lair branch before Depths: true
     0 | D:1      | 0 ||| qw: Lair rune preference: random
     0 | D:1      | 0 ||| qw: Goals: Normal
     0 | D:1      | 0 ||| PLANNING D:1-11
    84 | D:1      | 84 ||| FLEEEEING.
    85 | D:1      | 85 ||| FLEEEEING.
    87 | D:1      | 87 ||| FLEEEEING.
    88 | D:1      | 88 ||| FLEEEEING.
    89 | D:1      | 89 ||| FLEEEEING.
    90 | D:1      | 90 ||| FLEEEEING.
   148 | D:1      | Found a faded altar of an unknown god.
   248 | D:1      | Reached skill level 3 in Ranged Weapons
   265 | D:1      | Reached XP level 2. HP: 23/23 MP: 2/2
   510 | D:1      | 510 ||| UPGRADING to +0 leather armour.
   520 | D:1      | 520 ||| DROPPING +0 robe.
   521 | D:1      | 521 ||| UPGRADING to +6 ring of strength.
   522 | D:1      | 522 ||| READING 2 scrolls labelled HOAMYA MYOTAEDGH.
   523 | D:1      | 523 ||| READING 2 scrolls labelled QEALOR CILIN.
   528 | D:1      | 528 ||| READING scroll labelled BAVEQU QUGHAVO.
   529 | D:1      | 529 ||| READING scroll labelled QORO WYLANNU.
   530 | D:1      | 530 ||| READING scroll labelled TOCAMI HIUCKIGRE.
   531 | D:1      | 531 ||| DROPPING scroll of poison.
   573 | D:2      | 573 ||| Stepping ~*~*~tactically~*~*~ (outnumbered).
   578 | D:2      | HP: 4/24 [gnoll/+0 halberd of freezing (6)]
   578 | D:2      | Slain by a gnoll

Levels and vault maps discovered:
D:1:      dpeg_arrival_orchard, layout_rooms, ebering_ecumenical_altar_mist,
          minmay_unequal
D:2:      layout_rooms, hex_large, nicolae_twisty_statue_hallways

Skill      XL: |  1  2 |
---------------+-------+-----
Ranged Weapons | 3 |  3.4
Fighting       | 2 |  2.0
Dodging        | |  2.1
Spellcasting   | |  1.0
Hexes          | |  2.0

Action                     || total
---------------------------++-------
   Fire: Sling             ||    39
    Use: Scroll            ||     5
 Armour: Robe              ||     2
         Leather armour    ||     1
  Dodge: Dodged            ||     8

Table legend:
 A = Non-vault XP
 B = Vault XP
 C = Vault XP percentage of total XP
 D = Non-vault monster count
 E = Vault monster count
 F = Vault count percentage of total count
                 A         B        C        D         E       F
            +---------+---------+-------+---------+---------+-------
      Total |      33 |       4 |  10.8 |      12 |       2 |  14.3
            +---------+---------+-------+---------+---------+-------
        D:1 |      19 |       4 |  17.4 |      10 |       2 |  16.7
        D:2 |      14 |       0 |   0.0 |       2 |       0 |   0.0
            +---------+---------+-------+---------+---------+-------
